Map: Neon Violet Square LE

Players

Dark

  • Race: Zerg Zerg
  • Spawn Location: 11:00

Trap - Winner!

  • Race: Protoss Protoss
  • Spawn Location: 5:00

Event: IEM Season 12 - Katowice

VOD

Have the link to the VOD?

Description

Time

  • Played on: March 3, 2018, 5:10 a.m.
  • Length: 9:55

All games in this series

Show
View Real Time Build Order
Export as new Build Order

Dark Zerg 

Build Orders: Hatch First, Zergling Baneling 

Get SALT Encoding   

  12  0:00  Drone  
  13  0:13  Overlord  
  13  0:17  Drone  
  14  0:32  Drone x2  
  16  0:42  Drone  
  17  0:53  Hatchery  
  17  0:56  Drone  
  17  0:59  Drone  
  18  1:10  Extractor  
  17  1:15  Spawning Pool  
  16  1:18  Drone  
  16  1:22  Drone  
  18  1:30  Drone  
  19  1:40  Drone  
  20  1:52  Hatchery  
  19  1:54  Drone  
  20  2:03  Drone  
  20  2:06  Queen  
  23  2:14  Metabolic Boost  
  23  2:17  Drone  
  23  2:20  Drone  
  25  2:27  Overlord  
  25  2:31  Drone  
  25  2:33  Drone  
  27  2:39  Zergling x2  
  28  2:45  Queen  
  28  2:46  Zergling x2  
  28  2:48  Zergling x2  
  32  2:55  Baneling Nest  
  31  3:01  Zergling x4  
  33  3:07  Zergling x4  
  33  3:11  Spore Crawler  
  33  3:24  Overlord x2  
  34  3:42  Zergling x16  
  34  3:43  Zergling x2  
  34  3:46  Baneling x3  
  34  3:47  Baneling x3  
  34  3:48  Baneling  
  43  3:49  Baneling  
  43  3:55  Zergling x4  
  45  3:57  Baneling  
  45  4:07  Zergling x8  
  41  4:32  Drone  
  41  4:34  Overlord  
  38  4:41  Drone x3  
  38  4:43  Drone x4  
  42  4:48  Drone  
  42  4:51  Overlord  
  42  4:53  Spore Crawler  
  42  4:55  Spore Crawler  
  42  4:56  Drone x3  
  42  4:58  Drone  
  42  4:59  Drone  
  44  5:01  Drone  
  44  5:03  Drone  
  44  5:06  Drone  
  47  5:10  Queen  
  47  5:13  Spore Crawler  
  47  5:17  Drone x2  
  49  5:21  Drone x2  
  49  5:23  Drone  
  49  5:28  Zergling x6  
  53  5:34  Zergling x6  
  56  5:39  Zergling x4  
  56  5:42  Overlord  
  57  5:49  Overlord  
  57  5:50  Baneling x3  
  57  5:51  Overlord  
  57  6:00  Overlord  
  57  6:01  Drone  
  57  6:02  Drone x3, Queen  
  63  6:06  Drone  
  60  6:12  Drone x2  
  62  6:18  Drone  
  62  6:19  Drone x6  
  62  6:23  Evolution Chamber  
  62  6:25  Drone x2  
  69  6:31  Drone  
  70  6:38  Drone x2  
  72  6:44  Queen, Overlord  
  74  6:49  Hatchery  
  74  6:51  Drone x3  
  76  6:54  Zerg Melee Weapons Level 1  
  76  6:56  Hatchery  
  76  6:59  Drone x4  
  78  7:08  Drone x4  
  78  7:14  Lair  
  81  7:16  Extractor  
  81  7:18  Drone x3  
  81  7:20  Extractor  
  81  7:21  Extractor  
  81  7:26  Drone x3  
  81  7:28  Drone x2  
  81  7:34  Drone x3  
  81  7:37  Zergling x4  
  83  7:44  Drone x2  
  83  7:45  Drone, Extractor, Hatchery  
  83  7:46  Drone x2, Extractor  
  83  7:49  Zergling x6  
  88  7:53  Evolution Chamber  
  88  7:55  Zergling x8  
  91  8:08  Zergling x14  
  97  8:13  Spine Crawler  
  97  8:14  Spine Crawler, Baneling x7, Hydralisk Den  
  97  8:17  Centrifical Hooks  
  93  8:21  Baneling x3  
  93  8:22  Baneling x2  
  93  8:24  Zergling x4  
  93  8:25  Zergling x2  
  96  8:28  Baneling x2  
  96  8:31  Zergling x8  
  100  8:43  Hydralisk  
  100  8:44  Hydralisk  
  100  8:47  Hydralisk x3  
  103  9:04  Hydralisk x3  
  103  9:07  Zergling x8  
  96  9:20  Hydralisk x2  
  96  9:21  Hydralisk x2  
  96  9:22  Zergling x4, Hydralisk  
  89  9:27  Hydralisk x2  
  89  9:29  Zergling x2  
  89  9:30  Hydralisk  
  76  9:37  Zergling x4  
Show
View Real Time Build Order
Export as new Build Order

Trap Protoss - Winner!

Build Orders: 1 Gate Expand, Oracle Opening, Phoenix Opening 

Get SALT Encoding   

  12  0:00  Probe  
  13  0:12  Probe  
  14  0:19  Pylon  
  14  0:24  Probe  
  15  0:37  Probe (Chrono Boost)  
  16  0:44  Gateway  
  16  0:46  Probe (Chrono Boost)  
  17  0:51  Probe (Chrono Boost)  
  17  0:52  Assimilator  
  18  1:03  Probe  
  19  1:15  Probe  
  20  1:27  Nexus  
  20  1:38  Cybernetics Core  
  21  1:40  Probe  
  21  1:47  Assimilator  
  21  1:52  Probe  
  22  1:58  Pylon  
  22  2:04  Probe  
  23  2:14  Adept (Chrono Boost)  
  23  2:16  Probe  
  23  2:22  Stargate  
  26  2:28  Warp Gate  
  26  2:29  Probe (Chrono Boost)  
  27  2:34  Stalker (Chrono Boost)  
  27  2:39  Probe (Chrono Boost)  
  31  2:47  Probe (Chrono Boost)  
  31  2:48  Probe (Chrono Boost)  
  32  2:53  Probe x2 (Chrono Boost)  
  32  2:57  Adept  
  36  3:05  Probe x2  
  38  3:08  Oracle (Chrono Boost)  
  41  3:17  Probe x2  
  43  3:25  Pylon  
  43  3:29  Probe x2  
  45  3:34  Gateway  
  45  3:41  Probe  
  45  3:42  Phoenix (Chrono Boost)  
  45  3:43  Probe, Adept  
  51  3:53  Probe  
  51  3:54  Shield Battery  
  51  3:55  Probe, Shield Battery  
  52  3:58  Shield Battery  
  52  4:06  Probe, Pylon  
  52  4:07  Probe  
  54  4:21  Oracle (Chrono Boost)  
  54  4:22  Pylon x2  
  51  4:31  Adept  
  51  4:32  Adept  
  51  4:33  Probe x2  
  54  4:49  Probe x2  
  54  4:52  Assimilator  
  56  4:53  Assimilator  
  56  4:55  Oracle (Chrono Boost)  
  59  5:01  Probe x2  
  59  5:05  Pylon  
  60  5:08  Robotics Facility  
  60  5:13  Probe  
  60  5:14  Probe  
  62  5:17  Pylon  
  62  5:26  Probe x2  
  64  5:32  Nexus  
  64  5:38  Probe x2  
  64  5:40  Pylon  
  66  5:47  Sentry x2  
  70  5:50  Probe x2  
  70  5:54  Forge  
  70  5:56  Warp Prism (Chrono Boost)  
  74  6:16  Probe x2  
  74  6:17  Protoss Ground Weapons Level 1 (Chrono Boost)  
  76  6:19  Twilight Council  
  76  6:20  Pylon  
  76  6:22  Immortal (Chrono Boost)  
  80  6:26  Adept x2  
  80  6:32  Probe x2  
  86  6:43  Gateway  
  86  6:44  Gateway  
  86  6:47  Probe x2  
  89  6:54  Observer  
  89  6:57  Gateway  
  89  6:59  Gateway  
  89  7:14  Gateway  
  89  7:15  Charge, Gateway  
  89  7:16  Templar Archives  
  89  7:18  Assimilator x2  
  89  7:19  Probe x3  
  89  7:31  Probe  
  89  7:36  Warp Prism (Chrono Boost)  
  85  7:43  Gateway  
  87  7:44  Pylon  
  87  7:45  Probe x2, Gateway  
  89  7:53  Pylon  
  89  7:55  Pylon  
  89  7:59  High Templar x4  
  89  8:00  Zealot x2  
  101  8:10  Archon  
  101  8:11  Archon  
  101  8:16  Pylon  
  101  8:20  Zealot  
  101  8:21  Pylon, Zealot x3  
  101  8:25  Observer  
  110  8:36  High Templar x4  
  110  8:37  Zealot  
  110  8:40  Archon  
  120  8:41  Archon  
  120  8:47  Zealot x3  
  126  8:54  Nexus  
  126  8:55  Pylon  
  117  9:10  Zealot  
  117  9:11  Zealot x5  
  117  9:12  Zealot x2  
  97  9:36  Zealot  
  97  9:37  Zealot x7  

Tags
 
Add a new tag
Caveats
  • Supply blocks, unpowered buildings, or Contaminate may cause inaccurate times.
  • Supply counts are checked every 10 seconds.